 Dungeon Crawl Stone Soup version 0.21-a0-265-gb353147 (webtiles) character file.

184 Musica the Slasher (level 5, -3/42 HPs)
             Began as a Gnoll Warper on Sept 11, 2017.
             Slain by an adder (4 damage)
             ... on level 3 of the Dungeon.
             The game lasted 00:09:32 (2194 turns).

Musica the Slasher (Gnoll Warper)                   Turns: 2194, Time: 00:09:33

Health: -3/42      AC:  5    Str:  7    XL:     5   Next: 64%
Magic:  11/11      EV: 11    Int:  7    God:
Gold:   99         SH:  0    Dex:  7    Spells: 12/12 levels left

rFire    . . .     SeeInvis .   a - +0 falchion
rCold    . . .     Gourm    .   (no shield)
rNeg     . . .     Faith    .   b - +0 leather armour
rPois    .         Spirit   .   (no helmet)
rElec    .         Reflect  .   (no cloak)
rCorr    .         Harm     .   o - +1 pair of gloves
MR       +....     Rnd*Tele +   (no boots)
Stlth    +.........             i - amulet of magic regeneration
HPRegen  0.14/turn              k - ring of teleportation (curse)
MPRegen  0.37/turn              t - ring of protection from magic

@: lethally poisoned (-3 -> -4)
A: unchanging attributes, fangs 1, strong nose
a: no special abilities


You were on level 3 of the Dungeon.
You were hungry.

You visited 1 branch of the dungeon, and saw 4 of its levels.

You collected 99 gold pieces.

Inventory:

Hand Weapons
 a - a +0 falchion (weapon)
Missiles
 n - 38 arrows
Armour
 b - a +0 leather armour (worn)
 o - a +1 pair of gloves (worn)
Jewellery
 g - an uncursed ring of protection from fire
 i - an amulet of magic regeneration (around neck)
 k - a cursed ring of teleportation (left hand)
 t - a ring of protection from magic (right hand)
Scrolls
 d - a scroll of blinking
 l - a scroll of magic mapping {unknown}
 m - a scroll of remove curse {unknown}
 q - 2 scrolls of teleportation {unknown}
 s - a scroll of enchant weapon {unknown}
 u - 4 scrolls of identify {unknown}
 w - a scroll of fog {unknown}
 y - 3 scrolls of amnesia {unknown}
Potions
 e - 2 potions of berserk rage {unknown}
 r - a potion of agility {unknown}
Books
 c - a book of Spatial Translocations

   Spells                             Type                      Level
   a - Blink                          Translocation                2
   b - Shroud of Golubria             Charms/Translocation         2
   c - Lesser Beckoning               Translocation                3
   d - Gell's Gravitas                Translocation                3
   e - Teleport Other                 Translocation                3
   f - Passage of Golubria            Translocation                4
Comestibles
 f - 2 bread rations
 j - a meat ration
 v - 7 chunks of flesh
 x - a royal jelly


   Skills:
 + Level 4.2 Fighting
 + Level 5.8 Long Blades
 + Level 2.2 Throwing
 - Level 1.3 Armour
 - Level 2.6 Dodging
 + Level 4.0 Spellcasting
   Level 4.0 Translocations


You had 12 spell levels left.
You didn't know any spells.

Dungeon Overview and Level Annotations

Branches:
Dungeon (4/15)
 Temple: D:4-7

Altars:
Nemelex Xobeh


Innate Abilities, Weirdness & Mutations

Your physical attributes are unchanging.
You have very sharp teeth.
Your uncanny sense of smell can sniff out nearby items.


Message History

Press: ? - help, Shift-Dir - straight line, f/p - adder
Aim: an adder (almost dead)
You throw a javelin. The javelin misses the adder.
The adder misses you. The adder barely misses you.
Firing (i - inventory): No suitable missiles.
Press: ? - help, Shift-Dir - straight line, f/p - adder
Aim: an adder (almost dead)
Okay, then.
You miss the adder.
The adder is almost dead.
The adder bites you.
* * * LOW HITPOINT WARNING * * *
You closely miss the adder.
The adder is severely wounded.
You feel sick. The adder closely misses you. The adder bites you.
* * * LOW HITPOINT WARNING * * *
You barely miss the adder.
The adder is severely wounded.
The adder bites you.
You die...

... .... ### #.##.(. #..
..#..# ### #.# #...# ...
#.# #..###(# #.# #.$...#
#.# #....## #.. #.#S..#
#.. ..##@..#### #####.#
### #...##.# #.....#
#...#.#.# #.#...#
######..>.# #.# #......
#.........## #.##......
.........## ##........
#......<..## ##.##......
######.....###.#........
#....#)#.##.##....#


You could see an adder.

Vanquished Creatures
  A bullfrog (D:3)
  Terence (D:2)
  4 adders
  A worm (D:2)
  2 dart slugs (D:2)
  2 leopard geckos (D:2)
  An orc (D:3)
  A ball python (D:1)
  4 bats
  4 giant cockroaches
  6 goblins
  2 hobgoblins
  4 jackals (D:1)
  3 frilled lizards (D:2)
  8 kobolds
  10 rats
54 creatures vanquished.

Vanquished Creatures (others)
  4 toadstools (D:1)
4 creatures vanquished.

Grand Total: 58 creatures vanquished

Notes
Turn   | Place    | Note
-------+----------+-------------------------------------------
     0 | D:1      | Musica the Gnoll Warper began the quest for the Orb.
     0 | D:1      | Reached XP level 1. HP: 17/17 MP: 4/4
   154 | D:1      | Reached skill level 3 in Long Blades
   154 | D:1      | Reached XP level 2. HP: 19/24 MP: 6/6
   606 | D:1      | Reached XP level 3. HP: 22/29 MP: 8/8
   886 | D:2      | Noticed Terence
   899 | D:2      | Found a sparkling altar of Nemelex Xobeh.
   935 | D:2      | Killed Terence
   935 | D:2      | Reached skill level 4 in Long Blades
   935 | D:2      | Reached XP level 4. HP: 8/35 MP: 9/9
  2003 | D:3      | Noticed a bullfrog
  2013 | D:3      | Killed a bullfrog
  2013 | D:3      | Reached skill level 5 in Long Blades
  2013 | D:3      | Reached XP level 5. HP: 19/42 MP: 11/11
  2193 | D:3      | HP: 1/42 [adder (2)]
  2194 | D:3      | Slain by an adder

Vault maps used:
D:1:      ldierk_water_garden
D:2:      nicolae_overflow_hidden_temple, serial_corexii_hall,
          corexii_hall_statues_x, corexii_hall_statues_x,
          kennysheep_generic_room_16, uniq_terence
D:4:      kennysheep_vampire_church

Skill      XL: |  1  2  3  4 |
---------------+-------------+-----
Fighting       | 3 4 |  4.2
Long Blades    | 3 4 5 |  5.8
Spellcasting   | 4 |  4.0
Throwing       | 2 |  2.2
Armour         | |  1.3
Dodging        | |  2.6
Translocations | |  4.0

Action                   |  1- 3 |  4- 6 || total
-------------------------+-------+-------++-------
Melee: Falchion          |   139 |   108 ||   247
       Bite              |     9 |     5 ||    14
Throw: Tomahawk          |    12 |     6 ||    18
       Javelin           |       |     2 ||     2
  Use: Potion            |     4 |     1 ||     5
  Eat: Chunk             |       |     4 ||     4
Armor: Leather armour    |    34 |    39 ||    73
       Skin              |    17 |       ||    17
Dodge: Dodged            |    97 |    76 ||   173
       Rpst.: Falchion   |    33 |    24 ||    57

Table legend:
 A = Spawn XP
 B = Non-spawn XP
 C = Spawn XP percentage of total XP
 D = Spawn monster count
 E = Non-spawn monster count
 F = Spawn count percentage of total count
 G = Total turns spent on level
                    A         B        C        D         E        F      G
               +---------+---------+-------+---------+---------+-------+---------
         Total |       0 |     264 |   0.0 |       0 |      54 |   0.0 |  2194
               +---------+---------+-------+---------+---------+-------+---------
           D:1 |       0 |      37 |   0.0 |       0 |      24 |   0.0 |   810
           D:2 |       0 |     102 |   0.0 |       0 |      22 |   0.0 |  1059
           D:3 |       0 |     125 |   0.0 |       0 |       8 |   0.0 |   321
               +---------+---------+-------+---------+---------+-------+---------
